[Event "Team 45 45 League T69"]
[Site "Internet Chess Club"]
[Date "2016.06.30"]
[Round "4"]
[White "Kandor"]
[Black "princevultan2"]
[Result "0-1"]
[WhiteElo "1256"]
[BlackElo "1247"]
[Opening "King's pawn game"]
[ECO "C50"]
[Time "19:00:42"]
[TimeControl "2700+45"]

1. e4 e5 2. Nf3 Nc6 3. Bc4 h6 4. d4 exd4 5. Nxd4 Nxd4 6. Qxd4 d6 7. O-O Be6 8.
Nc3 Bxc4 9. Qxc4 Nf6 10. Re1 Be7 11. Qb5+ Nd7 12. Qxb7 Qc8 13. Qd5 O-O 14. Bf4
Bf6 15. Qc6 Be5 16. Be3 Nf6 17. f3 Re8 18. Nb5 Re7 19. Nxa7 Qb8 20. c3 Rxa7 21.
Bxa7 Qxa7+ 22. Kh1 Nh5 23. a4 Nf4 24. Qc4 Qf2 25. Qf1 Qxb2 26. g3 Nh5 27. a5
Bxg3 28. Re2 Qxc3 29. a6 Re8 30. a7 Ra8 31. Rg2 Be5 32. Rga2 Qb3 33. Qb1 Qxf3+
34. Kg1 Bd4+ {White resigns} 0-1

[Event "Team 45 45 League T69"]
[Site "Internet Chess Club"]
[Date "2016.06.30"]
[Round "4"]
[White "Rbug"]
[Black "chips"]
[Result "1/2-1/2"]
[WhiteElo "1073"]
[BlackElo "1228"]
[Opening "Owen defense"]
[ECO "B00"]
[Time "11:00:30"]
[TimeControl "2700+45"]

1. e4 b6 2. d4 Bb7 3. Bd3 d5 4. Nc3 dxe4 5. Bxe4 Bxe4 6. Nxe4 Qd5 7. Qf3 e6 8.
Ng5 Qxf3 9. N1xf3 h6 10. Ne4 Be7 11. Bf4 c6 12. O-O Nf6 13. Nxf6+ Bxf6 14. Bd6
Kd7 15. Be5 Bxe5 16. Nxe5+ Ke7 17. Rfe1 a5 18. f4 Rd8 19. c3 Rd6 20. f5 Nd7 21.
Nxd7 Kxd7 22. fxe6+ Rxe6 23. Rxe6 Kxe6 24. Re1+ Kd5 25. Re7 Rf8 26. Rd7+ Kc4 27.
Rc7 Kd5 28. Kf2 b5 29. Kf3 Kd6 30. Rb7 Ke6 31. Rb6 Rc8 32. Rb7 a4 33. b3 axb3
34. axb3 g5 35. c4 bxc4 36. bxc4 Kf6 37. Rb6 Kg7 38. Kg4 Rd8 39. Rxc6 Rxd4+ 40.
Kf5 Rf4+ 41. Ke5 f6+ 42. Ke6 {Game drawn by mutual agreement} 1/2-1/2

[Event "Team 45 45 League T69"]
[Site "Internet Chess Club"]
[Date "2016.07.02"]
[Round "4"]
[White "stantheman59"]
[Black "Xbug"]
[Result "0-1"]
[WhiteElo "1135"]
[BlackElo "1031"]
[Opening "Scandinavian (center counter) defense"]
[ECO "B01"]
[Time "11:05:37"]
[TimeControl "2700+45"]

1. e4 d5 2. d3 dxe4 3. d4 c5 4. Nc3 cxd4 5. Nxe4 e5 6. Nf3 Bb4+ 7. Bd2 Bxd2+ 8.
Qxd2 Nc6 9. Bc4 Bf5 10. Neg5 Be6 11. Bxe6 fxe6 12. Nxe6 Qe7 13. Neg5 Qf6 14. Ne4
Qg6 15. Ng3 Nf6 16. Nh4 Qf7 17. f3 g6 18. O-O Nd7 19. Ne4 O-O 20. Qh6 Nb4 21.
Rfc1 Nf6 22. Nxf6+ Qxf6 23. c3 Nd3 24. Rc2 Rac8 25. Rd1 Nf4 26. Rcd2 dxc3 27.
bxc3 Rxc3 28. Rd6 Qg7 29. Qxg7+ Kxg7 30. Rd7+ Rf7 31. Rxf7+ Kxf7 32. Rd7+ Kg8
33. Rxb7 Ra3 34. Rb8+ Kg7 35. g3 Nh5 36. g4 Nf4 37. Rb7+ Kh6 38. Rb2 Kg5 39. Ng2
Rxf3 40. Rf2 Nh3+ 41. Kf1 Rxf2+ 42. Ke1 Rxa2 43. Ne3 Kf4 44. Nd5+ Kf3 45. Nc3
Rxh2 46. g5 e4 47. Nb5 a6 48. Nc7 a5 49. Kd1 Ke3 50. Kc1 Kd3 51. Nb5 e3 52. Na3
e2 53. Nc2 a4 54. Kb2 a3+ 55. Kb1 Kc3 56. Nxa3 e1=Q# {White checkmated} 0-1

[Event "Team 45 45 League T69"]
[Site "Internet Chess Club"]
[Date "2016.06.30"]
[Round "4"]
[White "smsxman"]
[Black "chesster3145"]
[Result "0-1"]
[WhiteElo "1328"]
[BlackElo "1208"]
[Opening "Caro-Kann defense"]
[ECO "B10"]
[Time "10:29:31"]
[TimeControl "2700+45"]

1. e4 c6 2. Nf3 d5 3. exd5 cxd5 4. d4 Nc6 5. Bd2 g6 6. Bb5 Qb6 7. Bxc6+ bxc6 8.
O-O Ba6 9. Re1 Bg7 10. Bc3 e6 11. Nbd2 Ne7 12. Nb3 Nf5 13. Ne5 f6 14. Nf3 Bc8
15. Nc5 Kf7 16. a4 Re8 17. a5 Qc7 18. a6 e5 19. dxe5 fxe5 20. Ng5+ Kg8 21. Ba5
Qe7 22. Nge4 dxe4 23. Nxe4 Bxa6 24. c3 Qb7 25. Bb4 Rad8 26. Qb3+ Rd5 27. Nc5 Qf7
28. Rxa6 Rb8 29. Qa3 Nd6 30. Rxa7 Nb5 31. Qa6 Nxa7 32. Ne4 Qb7 33. Qa2 Bf8 34.
Nf6+ Kf7 35. Nxd5 cxd5 36. Rxe5 Bxb4 37. cxb4 Nc6 38. Qxd5+ Kg7 39. Re1 Nxb4 40.
Qg5 Nc6 41. Qd2 Rd8 42. Qc3+ Kg8 43. h3 Qb4 44. Qe3 Qd6 45. Rc1 Ne7 46. Qb3+ Kg7
47. Qc3+ Qf6 48. Qa3 Rd2 49. Qc3 Qxc3 50. bxc3 Rd5 51. f3 Rc5 52. Kf2 Nd5 53. c4
Nb6 54. Ke3 Rxc4 55. Rb1 Nd5+ 56. Kd3 Rb4 57. Ra1 Nf4+ 58. Kc3 Rb5 59. Ra2 Rg5
60. g4 Nxh3 61. Kd4 Rb5 62. Ke4 Ng5+ 63. Kf4 Ne6+ 64. Ke4 h5 65. gxh5 gxh5 66.
Rg2+ Kh6 67. Rg8 Ng5+ 68. Kf4 Rb4+ 69. Kg3 h4+ 70. Kf2 Rf4 71. Rh8+ Kg7 72. Rh5
Rxf3+ 73. Kg2 h3+ 74. Kh2 Rf2+ 75. Kg3 Rg2+ 76. Kf4 Kg6 77. Rh8 h2 78. Ke3 Rg3+
79. Kf2 Nh7 80. Rg8+ Kh5 81. Rh8 Kh6 82. Kxg3 h1=Q 83. Rxh7+ Kxh7 {White
resigns} 0-1

[Event "Team 45 45 League T69"]
[Site "Internet Chess Club"]
[Date "2016.07.04"]
[Round "4"]
[White "SeniorCitizen"]
[Black "Toalla"]
[Result "1/2-1/2"]
[WhiteElo "1245"]
[BlackElo "1275"]
[Opening "Sicilian: Najdorf, Opocensky variation"]
[ECO "B92"]
[Time "10:00:50"]
[TimeControl "2700+45"]

1. e4 c5 2. Nf3 d6 3. d4 cxd4 4. Nxd4 Nf6 5. Nc3 a6 6. Be2 e5 7. Nb3 Nc6 8. Be3
Be7 9. O-O O-O 10. Qd2 b5 11. Bd3 Bb7 12. Nd5 Nxd5 13. exd5 Nd4 14. Be4 f5 15.
Bxd4 fxe4 16. Be3 h6 17. Rad1 Bg5 18. Bxg5 Qxg5 19. Qxg5 hxg5 20. Rfe1 Rf4 21.
Re3 Raf8 22. Re2 g4 23. g3 Rf3 24. Nd2 R3f6 25. Nxe4 Rh6 26. a3 Rf5 27. f3 gxf3
28. Rf2 Kh7 29. Nc3 Bc8 30. Rdd2 g5 31. Ne4 g4 32. b4 Kg7 33. c4 Kf7 34. cxb5
axb5 35. Rc2 Bd7 36. Kf1 Rfh5 37. Kg1 Ke7 38. Rc7 Rf5 39. Rc3 Rh8 40. Kf1 {Game
drawn by mutual agreement} 1/2-1/2

[Event "Team 45 45 League T69"]
[Site "Internet Chess Club"]
[Date "2016.07.03"]
[Round "4"]
[White "Just-Jim"]
[Black "rgadoury"]
[Result "1-0"]
[WhiteElo "1267"]
[BlackElo "1371"]
[Opening "Queen's pawn game"]
[ECO "D00"]
[Time "15:00:26"]
[TimeControl "2700+45"]

1. d4 d5 2. e3 Nf6 3. c4 dxc4 4. Bxc4 Nc6 5. Nf3 e6 6. O-O a6 7. Nc3 b5 8. Bb3
Bb7 9. Qe2 Be7 10. a4 b4 11. Na2 a5 12. Bc4 O-O 13. Bb5 Nb8 14. Bd2 c6 15. Bc4
Nbd7 16. e4 Qc8 17. Nc1 Ba6 18. Bxa6 Qxa6 19. Qxa6 Rxa6 20. e5 Nd5 21. Nd3 f6
22. exf6 Bxf6 23. Rfe1 Re8 24. Bg5 Bxg5 25. Nxg5 Nf8 26. Nc5 Ra7 27. Ncxe6 Nxe6
28. Rxe6 Rxe6 29. Nxe6 Re7 30. Nd8 Rc7 31. Rc1 Kf8 32. Ne6+ {Black resigns} 1-0

[Event "Team 45 45 League T69"]
[Site "Internet Chess Club"]
[Date "2016.07.04"]
[Round "4"]
[White "oldbookseller"]
[Black "WzeroMN"]
[Result "0-1"]
[WhiteElo "981"]
[BlackElo "1130"]
[Opening "King's Indian: East Indian defense"]
[ECO "A48"]
[Time "15:04:05"]
[TimeControl "2700+45"]

1. d4 Nf6 2. Nf3 g6 3. e3 Bg7 4. Bd3 O-O 5. O-O d5 6. Nbd2 Bg4 7. Rb1 Nbd7 8. e4
Bxf3 9. Qxf3 dxe4 10. Nxe4 Nxe4 11. Bxe4 c6 12. c3 Nf6 13. Re1 e6 14. Qh3 Nxe4
15. Rxe4 Qf6 16. Re3 Qf5 17. g4 Qxb1 18. Qh4 Qxc1+ 19. Kg2 Qxb2 20. Rh3 h6 21.
g5 h5 22. Re3 Qxa2 23. Qg3 Qd5+ 24. f3 Qa2+ 25. Kh3 Qd2 26. f4 Qd1 27. f5 Qg4+
28. Kg2 Qxg3+ 29. hxg3 a5 30. f6 Bh8 31. g4 hxg4 32. Rg3 a4 33. Rxg4 a3 34. d5
exd5 35. Rb4 a2 36. Rxb7 a1=Q 37. c4 dxc4 38. Rc7 Qc3 39. Rxc6 Ra2+ {White
resigns} 0-1

[Event "Team 45 45 League T69"]
[Site "Internet Chess Club"]
[Date "2016.07.02"]
[Round "4"]
[White "SlimeDog2"]
[Black "Capt-Morgan"]
[Result "1-0"]
[WhiteElo "2024"]
[BlackElo "1801"]
[Opening "Grünfeld: exchange variation"]
[ECO "D85"]
[Time "21:30:12"]
[TimeControl "2700+45"]

1. d4 Nf6 2. c4 g6 3. Nc3 d5 4. cxd5 Nxd5 5. e4 Nxc3 6. bxc3 Bg7 7. Qa4+ Nd7 8.
Nf3 O-O 9. Be2 c5 10. O-O Nb6 11. Qa3 cxd4 12. cxd4 Bg4 13. Bg5 Re8 14. Rad1 h6
15. Be3 Bxf3 16. gxf3 Nd7 17. Rb1 b6 18. f4 Nf6 19. Bf3 e6 20. Rfd1 Qe7 21. Qa6
Rac8 22. Rdc1 Qd7 23. a4 h5 24. a5 Rxc1+ 25. Rxc1 Qa4 26. Qxa7 bxa5 27. Rc7 Rf8
28. h3 Ne8 29. Rd7 Nf6 30. Re7 Qb4 31. e5 Ne8 32. Bc6 Nd6 33. exd6 Qxd6 34. Be8
{Black resigns} 1-0

[Event "Team 45 45 League T69"]
[Site "Internet Chess Club"]
[Date "2016.06.30"]
[Round "4"]
[White "PolishRyszard"]
[Black "sharky123"]
[Result "1/2-1/2"]
[WhiteElo "1876"]
[BlackElo "1867"]
[Opening "Caro-Kann: Tartakower (fantasy) variation"]
[ECO "B12"]
[Time "03:02:18"]
[TimeControl "2700+45"]

1. e4 c6 2. d4 d5 3. f3 dxe4 4. fxe4 e5 5. Nf3 Bg4 6. Bc4 Nd7 7. c3 b5 8. Bb3
Ngf6 9. Bg5 Bd6 10. Nbd2 O-O 11. O-O Qb6 12. Kh1 Rae8 13. Bc2 h6 14. Be3 Qb7 15.
Qe1 Bxf3 16. gxf3 Qc7 17. Qh4 Kh7 18. Rae1 c5 19. d5 Rg8 20. Rg1 Be7 21. Qh3 Nf8
22. Nf1 Qd7 23. Qxd7 N8xd7 24. Ng3 g6 25. Rd1 Bd6 26. a4 a6 27. Ra1 Ra8 28. b3
Rgc8 29. Rgf1 b4 30. c4 a5 31. Rf2 Re8 32. Raf1 Re7 33. h3 Kg7 34. Rg1 Kh7 35.
Bd3 Rae8 36. Bf1 Rg8 37. h4 Bc7 38. Bh3 Bd6 39. Bxd7 Nxd7 40. Rgf1 Kg7 41. Kh2
Rge8 42. Kh3 Rf8 43. Rg2 Kh7 44. h5 Nf6 45. Rfg1 Rg8 46. Bd2 Ree8 47. Be3 Re7
{Game drawn by mutual agreement} 1/2-1/2

[Event "Team 45 45 League T69"]
[Site "Internet Chess Club"]
[Date "2016.07.02"]
[Round "4"]
[White "Holzschlange"]
[Black "Bleddyn"]
[Result "1/2-1/2"]
[WhiteElo "1820"]
[BlackElo "1594"]
[Opening "English: symmetrical, Benoni formation"]
[ECO "A31"]
[Time "18:06:55"]
[TimeControl "2700+45"]

1. Nf3 Nf6 2. c4 c5 3. d4 cxd4 4. Nxd4 Nc6 5. Nc3 g6 6. e4 d6 7. Be2 Bg7 8. Be3
O-O 9. O-O a6 10. Rc1 Bd7 11. f3 Rc8 12. Qd2 Re8 13. Rfd1 Qc7 14. Nd5 Qb8 15.
Nb6 Rcd8 16. b3 Qc7 17. Nd5 Qb8 18. Nb6 Qc7 {Game drawn by mutual agreement}
1/2-1/2

[Event "Team 45 45 League T69"]
[Site "Internet Chess Club"]
[Date "2016.07.02"]
[Round "4"]
[White "Gilguli"]
[Black "losscause"]
[Result "1/2-1/2"]
[WhiteElo "1397"]
[BlackElo "1558"]
[Opening "French defense"]
[ECO "C00"]
[Time "16:01:12"]
[TimeControl "2700+45"]

1. e4 e6 2. Bc4 d5 3. exd5 exd5 4. Bb5+ c6 5. Qe2+ Qe7 6. Ba4 Bg4 7. f3 Qxe2+ 8.
Nxe2 Be6 9. Nd4 Bd7 10. d3 Nf6 11. Be3 Bd6 12. Nc3 O-O 13. O-O a6 14. Bb3 c5 15.
Nde2 d4 16. Nxd4 cxd4 17. Bxd4 Ne8 18. Nd5 Nc6 19. Nb6 Rd8 20. Bf2 Bf5 21. Nc4
Bc7 22. Rfe1 Be6 23. Rad1 Bd5 24. Ne3 Bxb3 25. axb3 g6 26. c3 Nf6 27. Bh4 Kg7
28. Ng4 Bb6+ 29. d4 Rd6 30. Nxf6 Rxf6 31. Bxf6+ Kxf6 32. Kf1 Na5 33. d5 Nxb3 34.
Re4 a5 35. d6 Nc5 36. Re2 Rd8 37. b4 axb4 38. cxb4 Ne6 {Game drawn by mutual
agreement} 1/2-1/2

[Event "Team 45 45 League T69"]
[Site "Internet Chess Club"]
[Date "2016.07.02"]
[Round "4"]
[White "LittleButton"]
[Black "JJ12"]
[Result "0-1"]
[WhiteElo "1849"]
[BlackElo "2137"]
[Opening "Queen's pawn game"]
[ECO "A46"]
[Time "08:45:09"]
[TimeControl "2700+45"]

1. d4 Nf6 2. Nf3 c5 3. c3 e6 4. Bg5 Nc6 5. Nbd2 Be7 6. e3 O-O 7. Bd3 d5 8. O-O
h6 9. Bh4 b6 10. Ne5 Nxe5 11. dxe5 Nd7 12. Bxe7 Qxe7 13. f4 f6 14. exf6 Nxf6 15.
Nf3 Nd7 16. Bc2 Ba6 17. Re1 Rad8 18. Bd3 Bb7 19. Qe2 e5 20. fxe5 Nxe5 21. Nxe5
Qxe5 22. Qg4 Bc8 23. Qg6 Bf5 24. Bxf5 Rxf5 25. Rad1 Rdf8 26. Qc6 R8f6 27. Qa8+
Kh7 28. e4 Rh5 29. g3 Rxh2 30. Kxh2 Rf2+ 31. Kh1 Qh5+ {White resigns} 0-1

[Event "Team 45 45 League T69"]
[Site "Internet Chess Club"]
[Date "2016.07.02"]
[Round "4"]
[White "xt"]
[Black "hudson"]
[Result "1-0"]
[WhiteElo "1788"]
[BlackElo "1747"]
[Opening "French: Chigorin variation"]
[ECO "C00"]
[Time "23:41:34"]
[TimeControl "2700+45"]

1. e4 e6 2. Qe2 Be7 3. f4 d5 4. e5 c5 5. Nf3 Nc6 6. d3 Nh6 7. Be3 Nf5 8. Bf2
Qa5+ 9. Qd2 Qb6 10. c3 d4 11. c4 Qb4 12. Na3 Qxd2+ 13. Kxd2 a6 14. g4 Nh6 15. h3
Rb8 16. Bg2 b5 17. b3 b4 18. Nc2 O-O 19. Ng5 Nxe5 20. Bh4 Ng6 21. Bg3 Bd6 22.
Rhf1 f6 23. Ne4 Bb7 24. Bh1 Bc7 25. Nxc5 Bxh1 26. Rxh1 Bxf4+ 27. Bxf4 Nxf4 28.
Nd7 {Black resigns} 1-0

[Event "Team 45 45 League T69"]
[Site "Internet Chess Club"]
[Date "2016.06.30"]
[Round "4"]
[White "LazyPeon"]
[Black "passedpawn"]
[Result "0-1"]
[WhiteElo "1706"]
[BlackElo "1884"]
[Opening "Catalan: closed, 5.Nf3"]
[ECO "E06"]
[Time "17:01:24"]
[TimeControl "2700+45"]

1. d4 Nf6 2. c4 e6 3. g3 d5 4. Bg2 Be7 5. Nf3 O-O 6. O-O dxc4 7. Qc2 a6 8. Qxc4
b5 9. Qc2 Bb7 10. Bd2 Nbd7 11. Ba5 Rc8 12. Nbd2 Qe8 13. b4 Nd5 14. a3 N5b6 15.
e4 Bf6 16. Rfd1 g6 17. Rac1 Nb8 18. Ne5 Bxe5 19. dxe5 Nc6 20. Bxb6 cxb6 21. Qb2
Qe7 22. Nf1 Rfd8 23. Ne3 h5 24. f4 Rxd1+ 25. Rxd1 Rd8 26. Rd2 Rd7 27. f5 Rxd2
28. Qxd2 Nxe5 29. Qd4 Qc7 30. fxe6 fxe6 31. Kf2 Nc4 32. Bh3 e5 33. Qd3 Qd6 34.
Nd5 Kg7 35. Ke2 Qc6 36. Qf3 Nb2 37. Kd2 Nc4+ 38. Ke2 a5 39. g4 Nb2 40. Kd2 Nc4+
41. Ke2 hxg4 42. Bxg4 Qd6 43. h4 Bxd5 44. exd5 axb4 45. axb4 Qxb4 46. Be6 Qd2+
47. Kf1 Ne3+ 48. Kg1 Qe1+ 49. Kh2 Qxh4+ 50. Kg1 Qg5+ 51. Kh2 Qf4+ 52. Qxf4 exf4
53. d6 Kf8 54. Kg1 Nc4 55. d7 Ke7 56. Bg4 Ne5 57. Be2 b4 58. Bb5 b3 {White
resigns} 0-1

[Event "Team 45 45 League T69"]
[Site "Internet Chess Club"]
[Date "2016.07.02"]
[Round "4"]
[White "justice02"]
[Black "Rhel"]
[Result "0-1"]
[WhiteElo "1639"]
[BlackElo "1707"]
[Opening "QGD semi-Slav"]
[ECO "D43"]
[Time "15:00:28"]
[TimeControl "2700+45"]

1. Nf3 Nf6 2. c4 e6 3. d4 d5 4. Nc3 c6 5. g3 Nbd7 6. Bg2 dxc4 7. a4 Bb4 8. O-O
O-O 9. Qc2 a5 10. Rd1 Qe7 11. Nd2 Nb6 12. e4 e5 13. dxe5 Qxe5 14. Nf3 Qe7 15.
Be3 Nbd7 16. Rd4 Bc5 17. Rxc4 Bxe3 18. fxe3 Ng4 19. Qe2 Nde5 20. Rd4 Be6 21.
Rad1 Bc4 22. Qe1 Nxf3+ 23. Bxf3 Ne5 24. Bg2 Rfe8 25. Qd2 Bb3 26. Rf1 c5 27. Rd5
Bxd5 28. Nxd5 Qd7 29. Rf5 Qc6 30. Qc3 f6 31. Bf1 Qxa4 32. Qxc5 Qxe4 33. Rxf6
Nf3+ 34. Kf2 Ne5 35. Rf4 Nd3+ 36. Bxd3 Qxd3 37. Ne7+ Kh8 38. Rd4 Qb3 39. Rh4
Qf7+ 40. Qf5 Rxe7 {White resigns} 0-1